TOP OF THE 1ST |
Round Rock Express batting - Pitching for Buffalo Bisons : RHP Gabe Nalley
|
Pitching: RHP Gabe Nalley
|
|
Batting: LHB Jody Hudson
|
0-0: Swinging Strike 0-1: Swinging Strike 0-2: Strikes out swinging
|
Batting: RHB Chris Torlak
|
0-0: Ground out 6-3 (Groundball, 6M, EV 81.2 MPH)
|
Batting: LHB Josh Stuck
|
0-0: Called Strike 0-1: Called Strike 0-2: Strikes out looking
|
Top of the 1st over - 0 runs, 0 hits, 0 errors, 0 left on base; Round Rock 0 - Buffalo 0 |
BOTTOM OF THE 1ST |
Buffalo Bisons batting - Pitching for Round Rock Express : RHP Andy Zecher
|
Pitching: RHP Andy Zecher
|
|
Batting: RHB Michel Martineau
|
0-0: Ball 1-0: Ball 2-0: Swinging Strike 2-1: Ball 3-1: Foul Ball, location: 2F 3-2: Foul Ball, location: 2F 3-2: Base on Balls
|
Batting: RHB Frank Caulfield
|
0-0: Ball 1-0: Ball 2-0: SINGLE (Groundball, 4S, EV 61.9 MPH) (infield hit) Michel Martineau to second
|
Batting: SHB Dominik Hasek II
|
0-0: Ball 1-0: Called Strike 1-1: Swinging Strike 1-2: Foul Ball, location: 2F 1-2: Foul Ball, location: 2F 1-2: Foul Ball, location: 2F 1-2: Ball 2-2: Foul Ball, location: 2F 2-2: Foul Ball, location: 2F 2-2: Strikes out looking
|
Batting: RHB Alex Ramos
|
0-0: Ball 1-0: Called Strike 1-1: Ball 2-1: Ball 3-1: Base on Balls Michel Martineau to third Frank Caulfield to second
|
Batting: RHB Kyle Scruggs
|
0-0: Ball 1-0: Ball 2-0: Called Strike 2-1: Ball 3-1: Foul Ball, location: 2F 3-2: Fly out, F9 (Flyball, 89D, EV 96.9 MPH) Runner from 3rd tags up, OUT at HOME! 9-2
|
Bottom of the 1st over - 0 runs, 1 hit, 0 errors, 2 left on base; Round Rock 0 - Buffalo 0 |
TOP OF THE 2ND |
Round Rock Express batting - Pitching for Buffalo Bisons : RHP Gabe Nalley
|
Batting: LHB Zion Davidson
|
0-0: Ball 1-0: Ball 2-0: Ball 3-0: Called Strike 3-1: Foul Ball, location: 2F 3-2: Base on Balls
|
Batting: RHB Trevor Mock
|
0-0: Swinging Strike 0-1: Ball 1-1: Swinging Strike 1-2: Grounds into double play, 5-4-3 (Groundball, 56S, EV 87.5 MPH)
|
Batting: RHB Ivan Colon
|
0-0: Called Strike 0-1: Ball 1-1: Foul Ball, location: 2F 1-2: Foul Ball, location: 2F 1-2: SINGLE (Groundball, 6MD, EV 95.0 MPH)
|
Batting: RHB Jeremy Boerman
|
0-0: Ball 1-0: Ground out 4-3 (Groundball, 4MD, EV 108.8 MPH)
|
Top of the 2nd over - 0 runs, 1 hit, 0 errors, 1 left on base; Round Rock 0 - Buffalo 0 |
BOTTOM OF THE 2ND |
Buffalo Bisons batting - Pitching for Round Rock Express : RHP Andy Zecher
|
Batting: RHB Leo Mair
|
0-0: Ball 1-0: Swinging Strike 1-1: Swinging Strike 1-2: Ball 2-2: Strikes out swinging
|
Batting: LHB Gabe Pace
|
0-0: Ground out U3 (Groundball, 3, EV 109.4 MPH)
|
Batting: RHB Väinö Tapaninen
|
0-0: Foul Ball, location: 2F 0-1: Foul Ball, location: 2F 0-2: Strikes out looking
|
Bottom of the 2nd over - 0 runs, 0 hits, 0 errors, 0 left on base; Round Rock 0 - Buffalo 0 |
TOP OF THE 3RD |
Round Rock Express batting - Pitching for Buffalo Bisons : RHP Gabe Nalley
|
Batting: RHB Carlos Lopez
|
0-0: Fly out, F9 (Flyball, 89M, EV 73.1 MPH)
|
Batting: RHB Ron Corn
|
0-0: Called Strike 0-1: Ground out 4-3 (Groundball, 4M, EV 76.2 MPH)
|
Batting: LHB Jody Hudson
|
0-0: Ball 1-0: Ball 2-0: Foul Ball, location: 2F 2-1: Ball 3-1: Base on Balls
|
Batting: RHB Chris Torlak
|
0-0: Ball Jody Hudson steals 2nd base 1-0: Called Strike 1-1: Ground out 6-3 (Groundball, 6, EV 101.9 MPH)
|
Top of the 3rd over - 0 runs, 0 hits, 0 errors, 1 left on base; Round Rock 0 - Buffalo 0 |
BOTTOM OF THE 3RD |
Buffalo Bisons batting - Pitching for Round Rock Express : RHP Andy Zecher
|
Batting: RHB Kyle Davis
|
0-0: Bunted foul 0-1: Ball 1-1: Called Strike 1-2: Foul Ball, location: 2F 1-2: Strikes out swinging
|
Batting: RHB Michel Martineau
|
0-0: Fly out, F7 (Flyball, 7S, EV 97.5 MPH)
|
Batting: RHB Frank Caulfield
|
0-0: Ball 1-0: Swinging Strike 1-1: Fly out, F9 (Flyball, 9S, EV 84.4 MPH)
|
Bottom of the 3rd over - 0 runs, 0 hits, 0 errors, 0 left on base; Round Rock 0 - Buffalo 0 |
TOP OF THE 4TH |
Round Rock Express batting - Pitching for Buffalo Bisons : RHP Gabe Nalley
|
Batting: LHB Josh Stuck
|
0-0: Ball 1-0: Ball 2-0: Ball 3-0: Called Strike 3-1: Swinging Strike 3-2: Base on Balls
|
Batting: LHB Zion Davidson
|
0-0: Called Strike Josh Stuck steals 2nd base 0-1: Foul Ball, location: 2F 0-2: Strikes out swinging
|
Batting: RHB Trevor Mock
|
0-0: Called Strike 0-1: Foul Ball, location: 2F 0-2: Strikes out swinging
|
Batting: RHB Ivan Colon
|
0-0: Ball 1-0: Foul Ball, location: 2F 1-1: Foul Ball, location: 2F 1-2: Strikes out swinging
|
Top of the 4th over - 0 runs, 0 hits, 0 errors, 1 left on base; Round Rock 0 - Buffalo 0 |
BOTTOM OF THE 4TH |
Buffalo Bisons batting - Pitching for Round Rock Express : RHP Andy Zecher
|
Batting: SHB Dominik Hasek II
|
0-0: Swinging Strike 0-1: Called Strike 0-2: SINGLE (Groundball, 56D, EV 95.6 MPH)
|
Batting: RHB Alex Ramos
|
0-0: Foul Ball, location: 2F 0-1: Ball 1-1: Called Strike 1-2: Ball 2-2: SINGLE (Groundball, 4MD, EV 105.6 MPH) Dominik Hasek II to second Runner from 2nd tries for 3rd, OUT! 8-5 Alex Ramos to second
|
Batting: RHB Kyle Scruggs
|
0-0: Called Strike 0-1: Ball 1-1: Foul Ball, location: 2F 1-2: Ball 2-2: Ground out 6-3 (Groundball, 56, EV 81.2 MPH)
|
Batting: RHB Leo Mair
|
0-0: Swinging Strike 0-1: Ground out 6-3 (Groundball, 56, EV 105.0 MPH)
|
Bottom of the 4th over - 0 runs, 2 hits, 0 errors, 1 left on base; Round Rock 0 - Buffalo 0 |
TOP OF THE 5TH |
Round Rock Express batting - Pitching for Buffalo Bisons : RHP Gabe Nalley
|
Batting: RHB Jeremy Boerman
|
0-0: Ball 1-0: Swinging Strike 1-1: Ball 2-1: Swinging Strike 2-2: Strikes out looking
|
Batting: RHB Carlos Lopez
|
0-0: Ball 1-0: Called Strike 1-1: Swinging Strike 1-2: Strikes out swinging
|
Batting: RHB Ron Corn
|
0-0: Ball 1-0: Called Strike 1-1: Ball 2-1: Foul Ball, location: 2F 2-2: Strikes out swinging
|
Top of the 5th over - 0 runs, 0 hits, 0 errors, 0 left on base; Round Rock 0 - Buffalo 0 |
BOTTOM OF THE 5TH |
Buffalo Bisons batting - Pitching for Round Rock Express : RHP Andy Zecher
|
Batting: LHB Gabe Pace
|
0-0: Called Strike 0-1: Bunt missed! 0-2: Fly out, F7 (Flyball, 78S, EV 95.6 MPH)
|
Batting: RHB Väinö Tapaninen
|
0-0: Ball 1-0: Swinging Strike 1-1: Ground out 6-3 (Groundball, 6, EV 76.9 MPH)
|
Batting: RHB Kyle Davis
|
0-0: Ball 1-0: Ball 2-0: Ball 3-0: Called Strike 3-1: Base on Balls
|
Batting: RHB Michel Martineau
|
0-0: Swinging Strike 0-1: Called Strike 0-2: SINGLE (Line Drive, 4MD, EV 98.1 MPH) Kyle Davis to second Runner from 2nd tries for 3rd, OUT after rundown.
|
Bottom of the 5th over - 0 runs, 1 hit, 0 errors, 1 left on base; Round Rock 0 - Buffalo 0 |
TOP OF THE 6TH |
Round Rock Express batting - Pitching for Buffalo Bisons : RHP Gabe Nalley
|
Batting: LHB Jody Hudson
|
0-0: Called Strike 0-1: Ball 1-1: Ball 2-1: Called Strike 2-2: Ball 3-2: Base on Balls
|
Batting: RHB Chris Torlak
|
0-0: Ball 1-0: Foul Ball, location: 2F 1-1: Called Strike Jody Hudson is caught stealing 2nd base 2-4 1-2: DOUBLE (Groundball, 5L, EV 103.1 MPH)
|
Batting: LHB Josh Stuck
|
0-0: Called Strike 0-1: Swinging Strike 0-2: Strikes out looking
|
Batting: LHB Zion Davidson
|
0-0: Called Strike 0-1: Foul Ball, location: 2F 0-2: Ball 1-2: Foul Ball, location: 2F 1-2: Ground out U3 (Groundball, 3, EV 103.1 MPH)
|
Top of the 6th over - 0 runs, 1 hit, 0 errors, 1 left on base; Round Rock 0 - Buffalo 0 |
BOTTOM OF THE 6TH |
Buffalo Bisons batting - Pitching for Round Rock Express : RHP Andy Zecher
|
Batting: RHB Frank Caulfield
|
0-0: Foul Ball, location: 2F 0-1: Ball 1-1: Swinging Strike 1-2: Ball 2-2: Ball 3-2: Strikes out looking
|
Batting: SHB Dominik Hasek II
|
0-0: Ball 1-0: Ball 2-0: Foul Ball, location: 2F 2-1: Foul Ball, location: 2F 2-2: Ball 3-2: Strikes out swinging
|
Batting: RHB Alex Ramos
|
0-0: Ball 1-0: Foul Ball, location: 2F 1-1: Fly out, F9 (Line Drive, 9, EV 89.4 MPH)
|
Bottom of the 6th over - 0 runs, 0 hits, 0 errors, 0 left on base; Round Rock 0 - Buffalo 0 |
TOP OF THE 7TH |
Round Rock Express batting - Pitching for Buffalo Bisons : RHP Gabe Nalley
|
Batting: RHB Trevor Mock
|
0-0: Ball 1-0: DOUBLE (Flyball, 8RXD, EV 108.1 MPH)
|
Batting: RHB Ivan Colon
|
0-0: Called Strike Trevor Mock steals 3rd base (no throw) 0-1: Ball 1-1: Ball 2-1: Ball 3-1: Called Strike 3-2: SINGLE (Groundball, 56D, EV 103.1 MPH) Trevor Mock scores
|
Batting: RHB Jeremy Boerman
|
0-0: Ball 1-0: Ball 2-0: Foul Ball, location: 2F 2-1: Fielders Choice at 2nd, 1-6 (Groundball, 34S, EV 69.4 MPH)
|
Batting: RHB Carlos Lopez
|
0-0: Called Strike 0-1: Foul Ball, location: 2F 0-2: Foul Ball, location: 2F 0-2: SINGLE (Groundball, 56D, EV 97.5 MPH) Jeremy Boerman to second
|
Batting: RHB Ron Corn
|
0-0: Called Strike 0-1: Ball 1-1: Ball 2-1: Fly out, F9 (Flyball, 9LD, EV 83.1 MPH) Runner from 2nd tags up, SAFE at 3rd, no throw by RF
|
Batting: LHB Jody Hudson
|
0-0: Ball 1-0: Called Strike 1-1: Foul Ball, location: 2F 1-2: 3-RUN HOME RUN (Flyball, 78XD, EV 98.1 MPH), Distance : 406 ft
|
Batting: RHB Chris Torlak
|
0-0: Ground out 5-3 (Groundball, 56S, EV 89.4 MPH)
|
Top of the 7th over - 4 runs, 4 hits, 0 errors, 0 left on base; Round Rock 4 - Buffalo 0 |
BOTTOM OF THE 7TH |
Buffalo Bisons batting - Pitching for Round Rock Express : RHP Andy Zecher
|
Batting: RHB Kyle Scruggs
|
0-0: Called Strike 0-1: Foul Ball, location: 2F 0-2: Ball 1-2: Foul Ball, location: 2F 1-2: Ball 2-2: DOUBLE (Flyball, 8LXD, EV 107.5 MPH)
|
Batting: RHB Leo Mair
|
0-0: Called Strike 0-1: Ball 1-1: Ball 2-1: Reached on error, E4 (Groundball, 4, EV 83.1 MPH) Kyle Scruggs to third
|
Batting: LHB Gabe Pace
|
0-0: Ball 1-0: Fly out, F8 (Flyball, 89M, EV 94.4 MPH) Runner from 3rd tags up, SCORES, throw by CF
|
Pitching: LHP John McRight
|
|
Batting: RHB Väinö Tapaninen
|
0-0: Called Strike 0-1: Ball 1-1: Ball 2-1: Swinging Strike 2-2: Foul Ball, location: 2F 2-2: Ball 3-2: Strikes out looking
|
Batting: RHB Kyle Davis
|
0-0: Called Strike 0-1: Ball 1-1: Fly out, F7 (Flyball, 7, EV 76.2 MPH)
|
Bottom of the 7th over - 1 run, 1 hit, 1 error, 1 left on base; Round Rock 4 - Buffalo 1 |
TOP OF THE 8TH |
Round Rock Express batting - Pitching for Buffalo Bisons : RHP Gabe Nalley
|
Batting: LHB Josh Stuck
|
0-0: Fly out, F8 (Flyball, 8RM, EV 87.5 MPH)
|
Batting: LHB Zion Davidson
|
0-0: Ball 1-0: Ball 2-0: Called Strike 2-1: Ball 3-1: Foul Ball, location: 2F 3-2: Foul Ball, location: 2F 3-2: Strikes out swinging
|
Pitching: RHP Joe Spencer
|
|
Batting: RHB Trevor Mock
|
0-0: Ball 1-0: Ball 2-0: Foul Ball, location: 2F 2-1: Ball 3-1: Ground out 3-1 (Groundball, 34, EV 90.6 MPH)
|
Top of the 8th over - 0 runs, 0 hits, 0 errors, 0 left on base; Round Rock 4 - Buffalo 1 |
BOTTOM OF THE 8TH |
Buffalo Bisons batting - Pitching for Round Rock Express : LHP John McRight
|
Batting: RHB Michel Martineau
|
0-0: Ball 1-0: Foul Ball, location: 2F 1-1: Called Strike 1-2: Ball 2-2: Ball 3-2: Ground out 4-3 (Groundball, 4M, EV 103.1 MPH)
|
Batting: RHB Frank Caulfield
|
0-0: Foul Ball, location: 2F 0-1: Ball 1-1: Called Strike 1-2: Strikes out swinging
|
Batting: SHB Dominik Hasek II
|
0-0: Called Strike 0-1: Called Strike 0-2: Strikes out swinging
|
Bottom of the 8th over - 0 runs, 0 hits, 0 errors, 0 left on base; Round Rock 4 - Buffalo 1 |
TOP OF THE 9TH |
Round Rock Express batting - Pitching for Buffalo Bisons : RHP Joe Spencer
|
Batting: RHB Ivan Colon
|
0-0: Called Strike 0-1: Swinging Strike 0-2: Foul Ball, location: 2F 0-2: Strikes out swinging
|
Batting: RHB Jeremy Boerman
|
0-0: Ball 1-0: Fly out, F9 (Flyball, 9, EV 90.0 MPH)
|
Batting: RHB Carlos Lopez
|
0-0: SINGLE (Groundball, 5S, EV 68.8 MPH) (infield hit)
|
Batting: RHB Ron Corn
|
0-0: Called Strike 0-1: Ball 1-1: Ball 2-1: Swinging Strike 2-2: Strikes out swinging
|
Top of the 9th over - 0 runs, 1 hit, 0 errors, 1 left on base; Round Rock 4 - Buffalo 1 |
BOTTOM OF THE 9TH |
Buffalo Bisons batting - Pitching for Round Rock Express : LHP John McRight
|
Pitching: RHP Steve Grier
|
|
Batting: RHB Alex Ramos
|
0-0: Called Strike 0-1: Ball 1-1: Swinging Strike 1-2: Foul Ball, location: 2F 1-2: Strikes out looking
|
Batting: RHB Kyle Scruggs
|
0-0: Called Strike 0-1: Called Strike 0-2: Ball 1-2: Strikes out swinging, 2-3 out at first.
|
Batting: RHB Leo Mair
|
0-0: Ball 1-0: Fly out, F8 (Flyball, 8LXD, EV 77.5 MPH)
|
Bottom of the 9th over - 0 runs, 0 hits, 0 errors, 0 left on base; Round Rock 4 - Buffalo 1 |
|